[Event "*** Titled Tuesday Blitz"]
[Site "Chess.com"]
[Date "2021.03.09"]
[Round "5"]
[White "HanSchut"]
[Black "TeukkaSalama"]
[Result "1/2-1/2"]
[WhiteElo "2217"]
[BlackElo "2365"]
[TimeControl "180+1"]
[EndTime "10:59:29 PST"]
[Termination "Game drawn by repetition"]

1. e4 e6 2. d4 d5 3. Nd2 c5 4. exd5 Qxd5 5. Ngf3 cxd4 6. Bc4 Qd6 7. O-O Nf6 8. Nb3 Nc6 9. Nfxd4 Nxd4 10. Qxd4 Qxd4 11. Nxd4 Bd7 12. c3 O-O-O 13. h3 a6 14. a4 Bd6 15. Rd1 Bc7 16. a5 Ne4 17. Be3 e5 18. Nb3 f5 19.
f3 Nd6 20. Be2 f4 21. Bf2 Bc6 22. Nc5 Rhe8 23. Bd3 g6 24. Re1 e4 25. fxe4 Nf7 26. Bc4 Ne5 27. Bd5 Bxd5 28. exd5 Rxd5 29. Bd4 Rdd8 30.
Kf1 Nc4 31. Rxe8 Rxe8 32. b4 Ne3+ 33. Kg1 Nc2 34. Rd1 Re1+ 35. Rxe1 Nxe1 36. Ne6 Bd6 37.
Bc5 Kd7 38. Bxd6 Kxd6 39. Nf8 Kd5 40. Nxh7 Kc4 41. Nf8 g5 42. Ne6 Kxc3 43. Nxg5 Kxb4 44. h4 Nd3 45. Nf7 f3 46. g3 f2+ 47. Kf1 Kxa5 48. h5 b5 49. h6 b4 50. h7 b3 51. h8=Q b2 52. Qxb2 Nxb2 53. g4 Nd3 54. g5 Nf4 55. Kxf2 Kb4 56. Kf3 Ng6 57. Ke4 a5 58.
Kf5 Nh4+ 59. Kg4 Ng6 60. Kf5 Nh4+ 61. Kg4 Ng6 62. Kf5 1/2-1/2

[Event "*** Titled Tuesday Blitz"]
[Site "Chess.com"]
[Date "2021.03.09"]
[Round "5"]
[White "eldur16"]
[Black "Blitzstream"]
[Result "0-1"]
[WhiteElo "2568"]
[BlackElo "2754"]
[TimeControl "180+1"]
[EndTime "10:59:32 PST"]
[Termination "Blitzstream won by checkmate"]

1. Nf3 d5 2. g3 Nf6 3. Bg2 c6 4. O-O Bf5 5. d3 e6 6. Nbd2 Be7 7. b3 O-O 8. Bb2 Nbd7 9. c4 Bg6 10. Re1 a5 11. a3 Qb6 12. Qc2 Bc5 13. e3 Rfd8 14.
Nh4 Bh5 15. Ndf3 Bf8 16. Ne5 Nxe5 17. Bxe5 Nd7 18. Bc3 Be7 19. Nf3 Bg6 20. e4 dxe4 21. dxe4 Nc5 22. Rab1 a4 23. b4 Nb3 24. c5 Qc7 25.
Rbd1 Rxd1 26. Rxd1 Rd8 27. Ne5 Bf6 28. f4 Bh5 29. g4 Bxe5 30. Bxe5 Bxg4 31. Rd6 Rxd6 32.
Bxd6 Qd7 33. e5 Bf5 34. Be4 Bxe4 35. Qxe4 Qd8 36. Qe1 Nd4 37. Qf2 Nb5 38. Kg2 Nxa3 39.
Qa2 Nb5 40. Qxa4 h6 41. Kg3 Nd4 42. Qd1 Nf5+ 43. Kf3 Qh4 44. Qd2 Qh3+ 45. Ke4 Qb3 46. Bc7 Kh7 47. Bd6 h5 48. Bc7 h4 49. Bd6 Qb1+ 50. Kf3 Qh1+ 51. Kg4 Qg1+ 52. Kh3 Qf1+ 53. Kg4 h3 54. Qc3 Qg2+ 55. Kh5 g6# 0-1

[Event "*** Titled Tuesday Blitz"]
[Site "Chess.com"]
[Date "2021.03.09"]
[Round "5"]
[White "NikolaGry"]
[Black "mapleaff"]
[Result "1-0"]
[WhiteElo "2669"]
[BlackElo "2412"]
[TimeControl "180+1"]
[EndTime "10:59:33 PST"]
[Termination "NikolaGry won by checkmate"]

1. b3 Nc6 2. c4 e5 3. Bb2 f5 4.
e3 Nf6 5. Nf3 d6 6. d4 e4 7. d5 exf3 8. dxc6 fxg2 9. Bxg2 bxc6 10. Bxc6+ Bd7 11. Qf3 Rb8 12. Nc3 Bxc6 13. Qxc6+ Qd7 14.
Qf3 Be7 15. Rg1 O-O 16. Nd5 Rf7 17. O-O-O Ne4 18. Rg2 Bf8 19. h4 c6 20. Nf4 a5 21.
Rdg1 a4 22. Nh5 g6 23. Nf4 Bg7 24. Nxg6 Bxb2+ 25. Kxb2 a3+ 26. Kc2 hxg6 27. Rxg6+ Kf8 28. Rg8+ Ke7 29. Rxb8 Qe6 30. Rb7+ Kf8 31. Qh5 Rxb7 32. Qh8+ Ke7 33. Rg7+ Kf6 34. Rxb7+ Kg6 35. Rg7+ Kf6 36. Qh6+ Ke5 37. Qxe6+ Kxe6 38. h5 Nxf2 39. h6 Kf6 40.
Rg2 Ng4 41. Kd3 Kg6 42. b4 Kxh6 43. b5 cxb5 44. c5 Ne5+ 45. Kd4 dxc5+ 46. Kxe5 b4 47. Kxf5 b3 48. Kf6 b2 49. Rh2# 1-0

[Event "*** Titled Tuesday Blitz"]
[Site "Chess.com"]
[Date "2021.03.09"]
[Round "5"]
[White "kirillshevchenko"]
[Black "anasta10"]
[Result "1-0"]
[WhiteElo "2826"]
[BlackElo "2467"]
[TimeControl "180+1"]
[EndTime "10:59:33 PST"]
[Termination "kirillshevchenko won on time"]

1. e4 e6 2. d4 d5 3. Nc3 Bb4 4. e5 c5 5. a3 Bxc3+ 6. bxc3 Qa5 7. Bd2 Qa4 8. Qb1 c4 9. h4 Ne7 10. Nh3 Nbc6 11. Nf4 b6 12. Nh5 Rg8 13. g3 Bd7 14. Bh3 O-O-O 15. O-O Rdf8 16. Re1 Kb7 17. Qd1 Nd8 18. Bg5 Nec6 19. Qd2 h6 20. Bf4 Ne7 21. Kh2 Ka8 22. Ra2 Nf5 23. Bg4 Nc6 24. Bd1 Nce7 25. Kh3 Ng6 26. Bg4 Nge7 27. Qe2 Bc8 28. Bc1 Rd8 29.
Bf3 Ng6 30. Bg4 Nge7 31. Rh1 Bb7 32. Kg2 Nc6 33. Be3 Qa5 34. Bd2 Rde8 35. Bf3 Rgf8 36.
g4 Nfe7 37. Nxg7 Rd8 38. Nh5 Rh8 39. Kg3 Rdg8 40. Nf6 Rg7 41. Kh3 h5 42. gxh5 Nf5 43. Raa1 Ncxd4 44. cxd4 c3 45. Be3 Qa4 46. Rag1 Rxg1 47.
Rxg1 Nxd4 48. Bxd4 Qxd4 49. Qe3 Qa4 50. h6 Qxc2 51.
h7 Qf5+ 52. Bg4 Qg6 53. h5 Qg7 54. Qxc3 d4 55. Qxd4 Rc8 56. Qe3 Qf8 57. Bf3 1-0

[Event "*** Titled Tuesday Blitz"]
[Site "Chess.com"]
[Date "2021.03.09"]
[Round "5"]
[White "dosto07"]
[Black "ailime26"]
[Result "1-0"]
[WhiteElo "2325"]
[BlackElo "2084"]
[TimeControl "180+1"]
[EndTime "10:59:33 PST"]
[Termination "dosto07 won by checkmate"]

1. e4 c5 2. Nf3 Nc6 3. Bb5 g6 4. Bxc6 dxc6 5. d3 Bg7 6. h3 Nf6 7. Nc3 O-O 8. Be3 Nd7 9. Qd2 e5 10. O-O b6 11. a3 Re8 12. b4 cxb4 13. axb4 c5 14. b5 Nf8 15. Nd5 Bb7 16. c4 Ne6 17.
Bh6 f5 18. Bxg7 Kxg7 19. Nxe5 fxe4 20. dxe4 Nd4 21. f4 Nb3 22. Qb2 Nxa1 23. Ng4+ Kf7 24. Nh6+ Ke6 25. f5+ gxf5 26. exf5+ Kd7 27. Nf6+ Kc7 28.
Nxe8+ Qxe8 29. Qg7+ Qd7 30. Qxd7+ Kxd7 31. Rxa1 Ke7 32. Re1+ Kf8 33. f6 Re8 34. Rxe8+ Kxe8 35. Kf2 Be4 36. g4 Bd3 37. Ke3 Bxc4 38. Nf5 Bf1 39.
h4 Kf7 40. g5 a6 41. Nd6+ Kg6 42. bxa6 Bxa6 43. Kf4 b5 44. Ke5 b4 45. Ke6 b3 46. f7 b2 47. f8=Q b1=Q 48. Qh6# 1-0

[Event "*** Titled Tuesday Blitz"]
[Site "Chess.com"]
[Date "2021.03.09"]
[Round "5"]
[White "Lagmantr"]
[Black "Mazanchenko_Dmitry"]
[Result "1-0"]
[WhiteElo "2716"]
[BlackElo "2151"]
[TimeControl "180+1"]
[EndTime "10:59:34 PST"]
[Termination "Lagmantr won by checkmate"]

1. e4 c5 2. Nf3 d6 3. d4 Nf6 4. dxc5 Nxe4 5. cxd6 Nc6 6. Be3 Qxd6 7. Qxd6 Nxd6 8.
Nc3 Bg4 9. O-O-O Bxf3 10. gxf3 e6 11. Rg1 g6 12. Bf4 O-O-O 13. Bh3 a6 14. Ne4 Nxe4 15. fxe4 Bc5 16. Rdf1 Nd4 17. Bg4 f5 18. exf5 exf5 19. Bd1 Rhe8 20. Be3 Ne6 21. Bxc5 Nxc5 22. h4 Rg8 23. f4 Ne6 24. c3 Nc5 25. Bc2 Ne4 26.
Bxe4 fxe4 27. Rg5 Rdf8 28. Re5 Re8 29. Re1 Rxe5 30. fxe5 Kd7 31. Rxe4 Ke6 32. Kd2 Rf8 33. Ke2 Rf5 34. Rb4 b5 35. a4 Rxe5+ 36. Kf3 Kf5 37. Rf4+ Ke6 38. Kg4 h5+ 39. Kf3 Kd5 40. Rf6 Rf5+ 41.
Rxf5+ gxf5 42. b3 bxa4 43. bxa4 Kc4 44. Kf4 Kxc3 45. Kg5 Kb4 46. Kxh5 Kxa4 47. Kg5 Kb3 48. h5 a5 49. h6 a4 50. h7 a3 51. h8=Q Ka2 52. Kxf5 Kb1 53. Qh1+ Kb2 54. Qg2+ Kb1 55. Qf1+ Kb2 56. Qb5+ Ka1 57. Qf1+ Kb2 58. Qe2+ Ka1 59. Qc2 a2 60. Qc1# 1-0

[Event "*** Titled Tuesday Blitz"]
[Site "Chess.com"]
[Date "2021.03.09"]
[Round "5"]
[White "pavelalexandru07"]
[Black "googlegoom"]
[Result "0-1"]
[WhiteElo "2307"]
[BlackElo "2479"]
[TimeControl "180+1"]
[EndTime "10:59:34 PST"]
[Termination "googlegoom won on time"]

1. e4 c5 2. Nf3 Nc6 3. d4 cxd4 4. Nxd4 Qb6 5. Nb3 Nf6 6. Nc3 e6 7. Be3 Qc7 8. f4 d6 9. Qf3 a6 10. O-O-O b5 11. g4 Bb7 12. g5 Nd7 13. Kb1 b4 14.
Ne2 a5 15. f5 Nde5 16. Qg2 exf5 17. Nf4 Ne7 18. Bb5+ Bc6 19. Bxc6+ Qxc6 20. Nd5 Nxd5 21. exd5 Qd7 22. Nd4 Be7 23. Rhf1 g6 24. Bf4 O-O 25. Rfe1 Rfe8 26. Nc6 Nxc6 27. dxc6 Qc7 28. h4 Bf8 29. Qd5 Rad8 30. Rxe8 Rxe8 31. Rc1 Rc8 32. c4 Qxc6 33.
b3 Qxd5 34. cxd5 Rxc1+ 35. Kxc1 Be7 36. Kc2 f6 37. Kd3 h6 38. gxh6 g5 39. hxg5 fxg5 40. Be3 Kh7 41. Kc4 f4 42. Bd2 g4 43. Bxf4 Bh4 44.
Kb5 g3 45. Be3 Bf6 46. Kxa5 Bc3 47. Kb5 Be1 48. Bf4 Bf2 49. Kc6 g2 50. Kxd6 g1=Q 51. Bh2 Qg6+ 0-1

[Event "*** Titled Tuesday Blitz"]
[Site "Chess.com"]
[Date "2021.03.09"]
[Round "5"]
[White "igorkovalenko"]
[Black "GM_Huschenbeth"]
[Result "1-0"]
[WhiteElo "2943"]
[BlackElo "2632"]
[TimeControl "180+1"]
[EndTime "10:59:35 PST"]
[Termination "igorkovalenko won on time"]

1. e4 c5 2. Nc3 d6 3. Nge2 a6 4.
a4 Nf6 5. h3 h5 6. g3 e5 7. d3 Nc6 8. Bg5 Be6 9. Qd2 Be7 10. Bg2 Nd7 11. Be3 h4 12. Nd5 Bxd5 13. exd5 Nd4 14. a5 f5 15. Ra4 b5 16. axb6 Nxb6 17. Ra3 O-O 18. Bxd4 cxd4 19. g4 fxg4 20. hxg4 Bg5 21. Qa5 Qf6 22. Rf1 Nd7 23. Rb3 Nc5 24.
Rb6 h3 25. Bxh3 Qf3 26. b4 Nxd3+ 27. cxd3 Qxd3 28. Qa2 Qxh3 29. Rxd6 d3 30. Ng3 d2+ 31. Kd1 Qxg3 32. Rc6 Rxf2 33. d6+ Kh7 34. Qc2+ Kh6 35. d7+ Bf6 36. Rh1+ Rh2 37. Qxd2+ Kg6 38. Rxh2 Qxg4+ 39. Re2 Rd8 40. Qd3+ Kh6 41. Kc2 Rxd7 42. Qe3+ Kg6 43. Qe4+ Qxe4+ 44. Rxe4 Kf5 45. Rec4 e4 46. Rxa6 e3 47.
Ra5+ Ke6 48. Re4+ Kf7 49. Rxe3 Rb7 50. Kb3 Be7 51. Re4 g5 52. Rd5 1-0

[Event "*** Titled Tuesday Blitz"]
[Site "Chess.com"]
[Date "2021.03.09"]
[Round "5"]
[White "nrvisakh"]
[Black "MoonlighT89"]
[Result "0-1"]
[WhiteElo "2760"]
[BlackElo "2618"]
[TimeControl "180+1"]
[EndTime "10:59:36 PST"]
[Termination "MoonlighT89 won on time"]

1. e4 c5 2. Nf3 e6 3. d4 cxd4 4. Nxd4 Nc6 5. Nxc6 bxc6 6. Bd3 d5 7. O-O Nf6 8. Qe2 Be7 9. Nd2 O-O 10. b3 Nd7 11. Bb2 Nc5 12. Rad1 Nxd3 13. Qxd3 a5 14. Rfe1 Qc7 15. c4 Ba6 16. exd5 cxd5 17. Qh3 dxc4 18. Nxc4 Rad8 19. Rc1 Bb4 20. Re4 Qe7 21. Rh4 Qg5 22. Rf1 Qf5 23. Rg4 f6 24. Ne3 Qd3 25. Nc4 Qf5 26.
Bc1 h5 27. Rg3 Qxh3 28. Rxh3 g6 29. Rg3 Kf7 30. Be3 Bxc4 31. bxc4 Rc8 32. Rc1 Rfd8 33. Kf1 Rd3 34. Bb6 Rxg3 35. hxg3 e5 36. Ke2 Ke6 37. c5 Kd5 38. Rd1+ Kc4 39. Rd6 Bxc5 40. Rxf6 Bxb6 41. Rxb6 a4 42. Rxg6 Kb4 43. Rg5 Rc2+ 44. Ke3 Rxa2 45. Rxh5 a3 46. Rxe5 Ra1 47. Re8 Re1+ 0-1

[Event "*** Titled Tuesday Blitz"]
[Site "Chess.com"]
[Date "2021.03.09"]
[Round "5"]
[White "esrosenberg"]
[Black "ARTHURMOTIVATOR"]
[Result "0-1"]
[WhiteElo "2134"]
[BlackElo "2335"]
[TimeControl "180+1"]
[EndTime "10:59:36 PST"]
[Termination "ARTHURMOTIVATOR won by checkmate"]

1. Nf3 Nf6 2. c4 g6 3. Nc3 Bg7 4. e4 d6 5. d4 O-O 6. h3 e5 7. dxe5 dxe5 8. Qxd8 Rxd8 9. Bg5 c6 10. Nxe5 Re8 11. O-O-O Na6 12. Nf3 Nc5 13. e5 Nfe4 14. Nxe4 Nxe4 15. Be3 Bf5 16. g4 Be6 17. Bd3 f5 18. gxf5 Bxf5 19. Rhg1 a6 20. h4 b5 21. h5 Rad8 22. Nd4 Nxf2 23. Bxf2 Bxd3 24. Rxd3 c5 25.
hxg6 h6 26. cxb5 axb5 27. Rdd1 cxd4 28. Bxd4 Rd5 29. Bc3 Rc5 30. Kb1 b4 31. Bxb4 Rcxe5 32. Bc3 R5e7 33. Bxg7 Kxg7 34. a4 Rb8 35. Rd4 Re2 36.
Rd7+ Kg8 37. Kc1 Rexb2 38. Rgd1 Rb1+ 39. Kc2 R1b2+ 40. Kc1 Rb1+ 41. Kc2 Rxd1 42. Kxd1 Rb4 43. a5 Ra4 44. Ra7 h5 45. a6 h4 46. Ke1 h3 47.
Kf1 Ra1+ 48. Kf2 h2 49. Ra8+ Kg7 50. a7 h1=Q 51. Rb8 Qg1+ 52. Ke2 Qf1+ 53. Kd2 Qe1+ 54. Kd3 Rd1+ 55. Kc4 Qe4+ 56. Kc3 Rd3+ 57. Kc2 Qe2+ 58.
Kc1 Rd1# 0-1

[Event "*** Titled Tuesday Blitz"]
[Site "Chess.com"]
[Date "2021.03.09"]
[Round "5"]
[White "Majesth"]
[Black "allvim"]
[Result "1/2-1/2"]
[WhiteElo "2542"]
[BlackElo "2361"]
[TimeControl "180+1"]
[EndTime "10:59:37 PST"]
[Termination "Game drawn - insufficient material"]

1. d4 Nf6 2. Nc3 d5 3. Bg5 Nbd7 4. Qd3 c5 5. Bxf6 Nxf6 6. dxc5 e6 7. e4 dxe4 8. Qxd8+ Kxd8 9. O-O-O+ Kc7 10. Nb5+ Kc6 11. b4 a6 12. Nd6 Bxd6 13. Rxd6+ Kc7 14. Nh3 Rd8 15.
Ng5 Rxd6 16. cxd6+ Kxd6 17. Nxf7+ Ke7 18. Ne5 Bd7 19. g4 Rc8 20. g5 Nd5 21. a3 Ba4 22.
c4 Kd6 23. Nf7+ Ke7 24. Ne5 Kd6 25. Ng4 Nf4 26. Kb2 Nd3+ 27. Bxd3 exd3 28. Kc3 Bc2 29. Ne3 e5 30. Nxc2 dxc2 31. Rc1 Rf8 32. Rxc2 Rf3+ 33. Kb2 b6 34. Rd2+ Kc6 35. a4 Rf5 36. h4 Rf4 37. Kc3 Rxh4 38. b5+ axb5 39. axb5+ Kc7 40. Rd5 Rf4 41.
Rxe5 Rxf2 42. Re7+ Kd6 43. Rxg7 Rf3+ 44. Kd4 Rf4+ 45.
Kd3 Kc5 46. Rc7+ Kb4 47. Rc6 Rg4 48. Rxb6 Rxc4 49. Rb7 Rg4 50. Rxh7 Rxg5 51. Rb7 Rxb5 52.
Rxb5+ Kxb5 1/2-1/2

[Event "*** Titled Tuesday Blitz"]
[Site "Chess.com"]
[Date "2021.03.09"]
[Round "5"]
[White "TigrVShlyape"]
[Black "Hikaru"]
[Result "0-1"]
[WhiteElo "2834"]
[BlackElo "3167"]
[TimeControl "180+1"]
[EndTime "10:59:38 PST"]
[Termination "Hikaru won by resignation"]

1. d4 f5 2. g3 Nf6 3. Bg2 g6 4. h4 Bg7 5. c3 c6 6. Nh3 d6 7.
Qb3 e5 8. dxe5 dxe5 9. Be3 Qe7 10. Ng5 b6 11. Qa3 h6 12. Qxe7+ Kxe7 13. Nf3 Ng4 14. Bc1 e4 15. Nd4 Be5 16. Bf4 c5 17. Nc2 Bb7 18. Nd2 Nd7 19. Nc4 Bxf4 20. gxf4 Ngf6 21. a4 Bd5 22. N2a3 Nh5 23. e3 Bc6 24. b3 Nhf6 25.
Bf1 Nd5 26. Rc1 h5 27. Rg1 Kf6 28. Be2 Rad8 29. Nd6 Nf8 30. Ndc4 Nd7 31. Nd6 Nf8 32. Ndc4 Nc7 33. Ne5 Bd5 34. Bc4 Rg8 35. Ke2 Nfe6 36. Rgd1 Bxc4+ 37. Naxc4 Nd5 38. Rd2 Nexf4+ 39. exf4 Nxf4+ 40. Ke3 Ng2+ 41. Ke2 Nf4+ 42. Ke3 Ng2+ 43. Ke2 Rxd2+ 44.
Kxd2 Nxh4 45. Rg1 g5 46. Rh1 Rd8+ 47. Ke2 Rd5 48. Nc6 f4 49. Nd2 f3+ 50. Kd1 e3 51. fxe3 g4 52. Rxh4 f2 53. Rh1 g3 54. Rf1 Ke6 55.
Nd4+ cxd4 56. e4 g2 57. exd5+ Kxd5 58. Rxf2 g1=Q+ 59. Rf1 Qg4+ 60. Kc2 dxc3 61. Kxc3 h4 62. Nc4 Qh3+ 63. Kd2 Qxb3 64. Ne3+ Ke4 0-1

[Event "*** Titled Tuesday Blitz"]
[Site "Chess.com"]
[Date "2021.03.09"]
[Round "5"]
[White "axvesik"]
[Black "Goryachkina"]
[Result "1/2-1/2"]
[WhiteElo "2528"]
[BlackElo "2669"]
[TimeControl "180+1"]
[EndTime "10:59:38 PST"]
[Termination "Game drawn by repetition"]

1. e4 c6 2. d4 d5 3. Nc3 dxe4 4.
Nxe4 Nf6 5. Nxf6+ exf6 6. c3 Bf5 7. Ne2 Bd6 8. Ng3 Bg6 9. Bd3 O-O 10. O-O Qc7 11.
Re1 Nd7 12. Be3 Rad8 13. c4 Rfe8 14. Qc2 Nf8 15. Rad1 Ne6 16. Bf5 Re7 17. d5 Bxg3 18. dxe6 Rxd1 19. exf7+ Kxf7 20. Rxd1 Bxh2+ 21. Kh1 Bf4 22. Bc5 Re5 23. Bxg6+ hxg6 24. Bd4 Rh5+ 25. Kg1 Bh2+ 26.
Kf1 Bd6 27. c5 Rh1+ 28. Ke2 Qe7+ 29. Be3 Rxd1 30. Kxd1 Be5 31. Qb3+ Kf8 32. Kd2 g5 33. Ke2 g4 34. Qc4 g3 35. f4 Bc7 36. Kf3 Ba5 37.
Qd3 Be1 38. b4 a6 39. a3 Bf2 40. Bxf2 gxf2 41. Kxf2 Kg8 42. Kf3 Qe6 43. Qe3 Qd5+ 44. Kg3 Qd1 45. Qe8+ Kh7 46. Qe4+ Kg8 47. Qf3 Qd4 48. Kh3 Qc4 49. Qe3 Qd5 50. Qe8+ Kh7 51.
Qe3 Qh5+ 52. Kg3 Qd5 53. Qf3 Qc4 54. Qh5+ Kg8 55. Qe8+ Kh7 56. Qh5+ Kg8 57. Qe8+ Kh7 58. Qh5+ 1/2-1/2

[Event "*** Titled Tuesday Blitz"]
[Site "Chess.com"]
[Date "2021.03.09"]
[Round "5"]
[White "rasmussvane"]
[Black "attack2mateU"]
[Result "1-0"]
[WhiteElo "2954"]
[BlackElo "2731"]
[TimeControl "180+1"]
[EndTime "10:59:39 PST"]
[Termination "rasmussvane won by resignation"]

1. Nf3 c5 2. c4 Nc6 3. Nc3 e5 4. e3 Nf6 5. d4 e4 6. d5 exf3 7.
dxc6 dxc6 8. Qxd8+ Kxd8 9. gxf3 g6 10. b3 Bg7 11. Bb2 b6 12. O-O-O+ Ke7 13. Bd3 Bh3 14. Rhg1 Rad8 15. f4 Ng4 16. Ne4 Bxb2+ 17. Kxb2 Nxh2 18. Be2 Bf5 19. Nc3 Rxd1 20. Nxd1 Be4 21. Rg3 Rd8 22. Kc1 Bd3 23. Bxd3 Rxd3 24. Rh3 Ng4 25. Rxh7 Rd8 26.
Rh4 Nf6 27. Nc3 Ke6 28. Kc2 Kf5 29. f3 Ke6 30. Ne4 Nxe4 31. fxe4 Kf6 32. Rh2 Rd7 33. Rg2 Re7 34. Kd3 Rd7+ 35. Ke2 b5 36. Rg1 bxc4 37.
bxc4 Rb7 38. Rd1 Ke7 39. e5 Rb4 40. Rd6 Rxc4 41. Rxc6 Rc2+ 42. Kd3 Rxa2 43. Rxc5 a5 44. Ke4 Ra3 45. Rc7+ Kf8 46. Rc6 a4 47. e6 fxe6 48. Rxe6 Kf7 49. Ra6 Ra1 50. Ke5 a3 51. Ra7+ Ke8 52.
Kf6 a2 53. e4 g5 54. f5 g4 55. e5 Kd8 56. e6 Re1 57. Rxa2 g3 58. Rg2 1-0

[Event "*** Titled Tuesday Blitz"]
[Site "Chess.com"]
[Date "2021.03.09"]
[Round "5"]
[White "hansen"]
[Black "GMBenjaminFinegold"]
[Result "1-0"]
[WhiteElo "2857"]
[BlackElo "2623"]
[TimeControl "180+1"]
[EndTime "10:59:39 PST"]
[Termination "hansen won by checkmate"]

1. e4 e6 2. d4 d5 3. Nc3 dxe4 4. Nxe4 Bd7 5. Nf3 Bc6 6. Bd3 Nd7 7. c3 Be7 8. O-O Ngf6 9. Nxf6+ Bxf6 10. Bf4 Bxf3 11.
Qxf3 c6 12. Rfe1 O-O 13. Re2 Qa5 14. g3 Rfe8 15. Kg2 e5 16. b4 Qd5 17. Qxd5 cxd5 18.
dxe5 Bxe5 19. Rae1 f6 20. Bd2 Red8 21. f4 Bd6 22. c4 dxc4 23. Bxc4+ Kh8 24. h4 Nb6 25. Bb3 Bf8 26. h5 Nd5 27. h6 gxh6 28. a3 Kg7 29. f5 Rac8 30. Rh1 Kh8 31. Bc1 Nc3 32. Rc2 Ne4 33. Re2 Ng5 34. Bb2 Kg7 35. Rhe1 Rc7 36. Bc1 Rcd7 37. Bf4 Rd3 38. Ba4 a6 39. Bc2 R3d7 40.
Bb3 b5 41. Be6 Rd3 42. Rc1 Bd6 43. Bxg5 hxg5 44. g4 h5 45. gxh5 Kh6 46. Kf1 Rg3 47. Rf2 Rh3 48. Rd1 Rxh5 49. Rfd2 Rh1+ 50. Kg2 Rxd1 51.
Rxd1 Bc7 52. Rxd8 Bxd8 53. Bc8 Ba5 54. bxa5 b4 55. axb4 g4 56. Bxa6 Kg5 57. Bd3 Kf4 58.
a6 Ke3 59. Bb1 g3 60. a7 Kf4 61. a8=Q Kg5 62. Qf3 Kh4 63. Qxg3+ Kh5 64. Be4 Kh6 65.
Qg6# 1-0

[Event "*** Titled Tuesday Blitz"]
[Site "Chess.com"]
[Date "2021.03.09"]
[Round "5"]
[White "Haykoooo0o"]
[Black "Chesspirate_Channel"]
[Result "0-1"]
[WhiteElo "2496"]
[BlackElo "2397"]
[TimeControl "180+1"]
[EndTime "10:59:39 PST"]
[Termination "Chesspirate_Channel won by resignation"]

1. d4 d5 2. Nf3 c5 3. e3 Nc6 4. Bd3 Bg4 5. c3 e5 6. dxe5 Nge7 7. Be2 Ng6 8. Nbd2 Qd7 9. O-O Ngxe5 10. Nxe5 Nxe5 11.
Bxg4 Qxg4 12. e4 Qxd1 13. Rxd1 O-O-O 14. exd5 Rxd5 15. Re1 Nd3 16. Re8+ Kd7 17. Re2 Be7 18. Nf3 Nxc1 19. Rxc1 Bf6 20. Rce1 Rd8 21. g3 Kc6 22. Kg2 b5 23. Rc2 Rd1 24. Rce2 a5 25. a3 b4 26.
axb4 axb4 27. cxb4 cxb4 28. b3 Rxe1 29. Nxe1 Rd1 30.
Rc2+ Bc3 31. Nf3 Kb5 32. Re2 Rb1 33. Re7 Rxb3 34. Rxf7 Rb2 35. Rf5+ Ka4 36. Rf4 Ka3 37. Nd4 Bxd4 38. Rxd4 Rc2 39. Rd7 b3 40. Rxg7 b2 41.
Rb7 Rc4 42. Rxb2 Kxb2 43. f4 Kc3 44. Kf3 Kd4 45. Kg4 Ke4 46. Kg5 Rc5+ 47. Kh6 Rc7 48.
Kg5 Rg7+ 49. Kf6 Rg6+ 50. Kf7 Kf5 51. Ke7 Rh6 52. h4 Rg6 53. h5 Rxg3 54. Kf7 Kxf4 55. h6 Rg6 56. Kf8 Rxh6 0-1

[Event "*** Titled Tuesday Blitz"]
[Site "Chess.com"]
[Date "2021.03.09"]
[Round "5"]
[White "Supernotar"]
[Black "witcher8"]
[Result "1-0"]
[WhiteElo "2726"]
[BlackElo "2460"]
[TimeControl "180+1"]
[EndTime "10:59:40 PST"]
[Termination "Supernotar won by checkmate"]

1. d4 Nf6 2. c4 g6 3. Nc3 Bg7 4. e4 d6 5. Be2 O-O 6. Nf3 e5 7. O-O Nc6 8. d5 Ne7 9. Ne1 Nd7 10. Be3 f5 11. f3 f4 12. Bf2 g5 13. a4 a5 14. Nd3 b6 15. b4 axb4 16. Nxb4 Nf6 17. Nc6 Nxc6 18. dxc6 Be6 19. Nd5 g4 20.
Bh4 gxf3 21. Bxf3 Kh8 22. a5 bxa5 23. Qa4 Qc8 24. Rfb1 Nxd5 25. cxd5 Bg4 26. Qd1 Bxf3 27. Qxf3 Bf6 28. Bf2 Qa6 29. Rb7 Rf7 30. Ra4 Bd8 31.
h3 Rg7 32. Be1 Rc8 33. Rxa5 Qc4 34. Rba7 Qc1 35. Ra1 Qb2 36. Ra8 Rxa8 37. Rxa8 Rg8 38. Bf2 Qd2 39. Kh2 Qb2 40. Rc8 Qc2 41. Ra8 Qb2 42. Be1 Qc2 43. Ba5 Qc5 44. Qh5 Qa3 45. Qf3 Qa4 46. Rxd8 Rxd8 47. Bxc7 Rg8 48. Bxd6 Rg3 49.
Bxe5+ Kg8 50. Qxf4 Rg6 51. c7 Qc2 52. Qf3 h5 53. d6 Qc5 54. Qf5 Qc2 55. Qxg6+ Kf8 56. Qf6+ Kg8 57. Qg7# 1-0

[Event "*** Titled Tuesday Blitz"]
[Site "Chess.com"]
[Date "2021.03.09"]
[Round "5"]
[White "paulrusan"]
[Black "thisunaa"]
[Result "1-0"]
[WhiteElo "2316"]
[BlackElo "1993"]
[TimeControl "180+1"]
[EndTime "10:59:40 PST"]
[Termination "paulrusan won by resignation"]

1. e4 c5 2. b4 b6 3. bxc5 bxc5 4. Nc3 g6 5. Rb1 Bg7 6. Nf3 Nc6 7. Bb5 Bb7 8. Ba4 Qc8 9. Ba3 d6 10.
e5 dxe5 11. Bxc5 Nf6 12. O-O O-O 13. Re1 e4 14. Nxe4 Nxe4 15. Rxe4 Na5 16. Bxe7 Bxe4 17. Bxf8 Bxf8 18. Ng5 Bc6 19. c3 h6 20. Nf3 Bxa4 21.
Qxa4 Nc4 22. d3 Nb6 23. Qc2 Bg7 24. Rb3 Qc7 25. g3 Rc8 26. c4 Qc6 27. Nd2 Bd4 28.
Ne4 f5 29. Nc3 Bg7 30. Nb5 a6 31. Na7 Qc7 32. Nxc8 Nxc8 33. Qb1 Nd6 34. Rb8+ Kh7 35. Qb6 Qe7 36. Kf1 Qe5 37. Rd8 Nf7 38. Rd7 Ng5 39.
Qc7 Qa1+ 40. Kg2 Qf6 41. h4 Ne6 42. Qd6 h5 43. c5 Qd4 44. Qxd4 Nxd4 45. Rd6 Be5 46.
Rd7+ Kg8 47. f4 Bb8 48. Rd8+ Kf7 49. Rxb8 Nc6 50. Rb6 Nb4 51. Rxb4 1-0

[Event "*** Titled Tuesday Blitz"]
[Site "Chess.com"]
[Date "2021.03.09"]
[Round "5"]
[White "Omk124"]
[Black "elohunter1999"]
[Result "0-1"]
[WhiteElo "2451"]
[BlackElo "2635"]
[TimeControl "180+1"]
[EndTime "10:59:42 PST"]
[Termination "elohunter1999 won by resignation"]

1. e4 c5 2. Nf3 Nc6 3. d4 cxd4 4.
Nxd4 e6 5. Nc3 Qc7 6. Be3 a6 7. a3 Nf6 8. g3 b5 9. Bg2 Ne5 10. Bf4 d6 11. Bxe5 dxe5 12. Nb3 Be7 13. O-O O-O 14. Qe2 Bb7 15. Rfd1 Rfd8 16. h3 Qb6 17. Rxd8+ Rxd8 18. Rd1 Bc6 19. Rxd8+ Bxd8 20. Qd3 Be7 21. Bf3 a5 22. Kg2 h5 23. Nd1 h4 24. Qe3 Qd8 25. Qd3 Qxd3 26. cxd3 Bd8 27. Nc3 Nd7 28. d4 a4 29. d5 exd5 30. exd5 Bb7 31. Nd2 Ba6 32. Be2 Ba5 33. Nde4 f5 34. Nd6 Bxc3 35.
bxc3 Nb6 36. Nxb5 Nxd5 37. Bc4 Bxb5 38. Bxd5+ Kf8 39. c4 Ba6 40. f4 exf4 41. gxf4 Ke7 42. Kf3 Kd6 43. Ke3 Kc5 44. Kd3 Bc8 45. Kc3 Bd7 46. Kd3 Be8 47. Be6 Bg6 48. Kc3 Kd6 49. Bd5 Bh5 50. Kd4 Be2 51. c5+ Kc7 52. Ke5 Bf1 53.
Kxf5 Bxh3+ 54. Kg6 Bf1 55. Bh1 h3 56. f5 Bg2 57.
Kxg7 Bxh1 58. f6 Bd5 59. f7 Bxf7 60. Kxf7 h2 0-1

[Event "*** Titled Tuesday Blitz"]
[Site "Chess.com"]
[Date "2021.03.09"]
[Round "5"]
[White "Msb2"]
[Black "howitzer14"]
[Result "0-1"]
[WhiteElo "2905"]
[BlackElo "3039"]
[TimeControl "180+1"]
[EndTime "10:59:43 PST"]
[Termination "howitzer14 won by resignation"]

1. d4 Nf6 2. Nf3 c5 3. d5 b5 4.
Bg5 Qb6 5. Bxf6 Qxf6 6. c3 g6 7. e4 b4 8. e5 Qb6 9. Bc4 Bg7 10.
O-O O-O 11. Nbd2 d6 12. e6 fxe6 13. Ng5 e5 14. Qe2 Nd7 15. Ne6 Rf7 16. Ne4 Nf6 17. N4g5 Bxe6 18. Nxe6 Bh6 19. cxb4 Qxb4 20. a3 Qd2 21. Qxd2 Bxd2 22. Rfd1 Ba5 23. f3 Rb8 24. Rdb1 Nh5 25. Kh1 h6 26. b4 cxb4 27. axb4 Bb6 28. Bd3 Kh7 29. Be4 Ng7 30. h4 Rf6 31. Nxg7 Kxg7 32. g3 Rff8 33. Rc1 Bd4 34. Rab1 Rfc8 35.
Rc6 Kf6 36. b5 Bb6 37. Kg2 Rg8 38. g4 Kg7 39. Rbc1 Rgf8 40. R1c2 Kf7 41. Rc1 Kg7 42. R1c2 Ra8 43. Rc1 Rad8 44. R1c2 Rh8 45. Kh3 Rdf8 46. Rc1 h5 47. g5 Rf4 48. Rxb6 axb6 49. Rc7 Re8 50. Rb7 Rff8 51. Kg3 Kf7 52. Rxb6 Rb8 53. Rxb8 Rxb8 54. Bd3 Ra8 55. Be2 Ra4 56. Bf1 Rb4 57. Be2 e4 58. fxe4 Rxe4 59. Bd3 Re3+ 0-1